 Dungeon Crawl Stone Soup version 0.24-a0-7-g1bb0902 (webtiles) character file.

Game seed: 9904519163451245264

451 poirepourri the Cudgeler (level 7, -1/41 HPs)
             Began as a Gargoyle Fighter on Jan 30, 2019.
             Slain by an orc (3 damage)
             ... on level 3 of the Dungeon.
             The game lasted 00:02:56 (2474 turns).

poirepourri the Cudgeler (Gargoyle Fighter)         Turns: 2474, Time: 00:02:57

Health: -1/41      AC: 11    Str: 20    XL:     7   Next: 4%
Magic:  7/7        EV:  7    Int:  8    God:
Gold:   118        SH: 10    Dex: 11    Spells: 6/6 levels left

rFire    . . .     SeeInvis .   a - +0 flail
rCold    . . .     Gourm    .   c - +1 shield
rNeg     + . .     Faith    .   b - +0 scale mail
rPois    ∞         Spirit   .   (no helmet)
rElec    +         Reflect  .   (no cloak)
rCorr    .         Harm     .   (no gloves)
MR       .....                  (no boots)
Stlth    ..........             (no amulet)
HPRegen  0.13/turn              (no ring)
MPRegen  0.10/turn              (no ring)

@: no status effects
A: negative energy resistance 1, electricity resistance, unbreathing,
petrification resistance, rot immunity, AC +4
a: no special abilities


You were on level 3 of the Dungeon.
You were not hungry.

You visited 1 branch of the dungeon, and saw 4 of its levels.

You collected 118 gold pieces.

Inventory:

Hand Weapons
 a - a +0 flail (weapon)
Missiles
 i - 4 tomahawks (quivered)
Armour
 b - a +0 scale mail (worn)
 c - a +1 shield (worn)
Scrolls
 j - 2 scrolls of remove curse
 l - 2 scrolls of immolation
Potions
 e - a potion of magic
 h - a potion of mutation
Comestibles
 f - 9 rations


   Skills:
 - Level 3.2 Fighting
 + Level 7.3 Maces & Flails
 - Level 3.2 Armour
 - Level 3.2 Shields


You had 6 spell levels left.
You didn't know any spells.
Your spell library was empty.

Dungeon Overview and Level Annotations

Branches:
Dungeon (4/15)
 Temple: D:4-7

Altars:
Dithmenos
Nemelex Xobeh
Okawaru
Yredelemnul
Zin


Innate Abilities, Weirdness & Mutations

You are resistant to torment.
Your stone body is resilient. (AC +4)
You are immune to poison.
You resist negative energy. (rN+)
You are resistant to electric shocks. (rElec)
You can survive without breathing.
You are immune to petrification.
You are immune to rotting.


Message History

The orc wizard casts a spell at you. The puff of flame hits you!
* * * LOW HITPOINT WARNING * * *
Found 14 gold pieces.
Found an escape hatch in the ceiling.
An orc comes into view. It is wielding a +0 trident.
Unknown command.
You block the orc's attack.
The howler monkey hoots and howls with incredible vigour!
There is an escape hatch in the ceiling here.
Unknown command.
You block the orc's attack. x2
A mysterious force pulls you upwards. The hatch slams shut behind you.
Reactivating autopickup.
Unknown command.
Unknown command.
Unknown command.
Unknown command.
Your shield and scale mail prevent you from hitting the orc.
The orc hits you.
You die...

#<# #.# #.# ### #.#
#.# #.# ..## #.#
#.#########.# ...##
#.# #.........>.#
....######.#
#.###########
...........# #.#
....######## #.#
...##############.####
#...............@o...#
####################.#
#.# #.#
####################.#
.....................#
.#####################
.# .#


You could see an orc.

Vanquished Creatures
  Sigmund (D:2)
  A jelly (D:3)
  A hound (D:4)
  An orc priest (D:3)
  A bullfrog skeleton (D:4)
  An iguana (D:3)
  A worker ant (D:3)
  2 gnolls (D:4)
  5 adders
  An ooze (D:1)
  A worm (D:3)
  2 dart slugs
  2 leopard geckos
  3 orcs (D:3)
  3 giant cockroaches
  A goblin (D:1)
  5 hobgoblins
  7 jackals (D:2)
  2 ball pythons (D:1)
  8 bats
  3 frilled lizards
  2 kobolds
  10 rats
64 creatures vanquished.

Notes
Turn   | Place    | Note
-------+----------+-------------------------------------------
     0 | D:1      | poirepourri the Gargoyle Fighter began the quest for the
                  | Orb.
     0 | D:1      | Reached XP level 1. HP: 14/14 MP: 1/1
    66 | D:1      | Reached XP level 2. HP: 19/19 MP: 2/2
    96 | D:1      | Reached skill level 3 in Maces & Flails
   242 | D:1      | Found an iron altar of Okawaru.
   815 | D:2      | Noticed Sigmund
   819 | D:2      | Reached XP level 3. HP: 23/23 MP: 3/3
   834 | D:2      | Killed Sigmund
   834 | D:2      | Reached skill level 5 in Maces & Flails
   834 | D:2      | Reached XP level 4. HP: 6/28 MP: 4/4
   834 | D:2      | Reached XP level 5. HP: 7/32 MP: 5/5
   835 | D:2      | HP: 1/32 [jackal (1)]
  1337 | D:2      | Reached skill level 6 in Maces & Flails
  1568 | D:3      | Reached XP level 6. HP: 33/37 MP: 6/6
  1826 | D:3      | Found a sparkling altar of Nemelex Xobeh.
  1827 | D:3      | Found a basalt altar of Yredelemnul.
  1828 | D:3      | Found a shadowy altar of Dithmenos.
  1829 | D:3      | Found an iron altar of Okawaru.
  1831 | D:3      | Found a glowing silver altar of Zin.
  2428 | D:4      | Reached skill level 7 in Maces & Flails
  2460 | D:4      | Reached XP level 7. HP: 23/41 MP: 7/7
  2468 | D:4      | HP: 1/41 [orc wizard/puff of flame (7)]
  2474 | D:3      | Slain by an orc

Vault maps used:
D:1:      lemuel_arrival_broad_hall, okawaru_ov_weapons_minmay
D:2:      first_ration, uniq_sigmund
D:3:      grunt_temple_overflow_open
D:4:      nicolae_dithmenos_the_darkroom

Skill      XL: |  1  2  3  4  5  6 |
---------------+-------------------+-----
Maces & Flails | 3 5 6 7 |  7.3
Fighting       | |  3.2
Armour         | |  3.2
Shields        | |  3.2

Action                   |  1- 3 |  4- 6 |  7- 9 || total
-------------------------+-------+-------+-------++-------
Melee: Flail             |    64 |   180 |     7 ||   251
  Use: Scroll            |     2 |     9 |     2 ||    13
       Potion            |     1 |     2 |       ||     3
 Stab: Invisible         |       |     2 |       ||     2
  Eat: Ration            |       |     2 |       ||     2
Armor: Scale mail        |    64 |   126 |    13 ||   203
Dodge: Dodged            |    32 |    61 |     5 ||    98
Block: Shield            |    42 |   123 |    10 ||   175

Table legend:
 A = Non-vault XP
 B = Vault XP
 C = Vault XP percentage of total XP
 D = Non-vault monster count
 E = Vault monster count
 F = Vault count percentage of total count
                 A         B        C        D         E       F
            +---------+---------+-------+---------+---------+-------
      Total |     433 |     212 |  32.9 |      63 |       1 |   1.6
            +---------+---------+-------+---------+---------+-------
        D:1 |      33 |       0 |   0.0 |      18 |       0 |   0.0
        D:2 |      66 |     212 |  76.3 |      17 |       1 |   5.6
        D:3 |     204 |       0 |   0.0 |      22 |       0 |   0.0
        D:4 |     130 |       0 |   0.0 |       6 |       0 |   0.0
            +---------+---------+-------+---------+---------+-------
